[Event "*** SCC Grand Prix: Titled Tuesday Blitz"]
[Site "Chess.com"]
[Date "2020.07.14"]
[Round "1"]
[White "Alohamora11"]
[Black "BlueWizzard"]
[Result "0-1"]
[WhiteElo "2397"]
[BlackElo "2765"]
[TimeControl "180+1"]
[EndTime "10:07:23 PDT"]
[Termination "BlueWizzard won by resignation"]

1. e4 c6 2. d4 g6 3. Nc3 Bg7 4. Bc4 b5 5. Bb3 e6 6. e5 d5 7. exd6 Qxd6 8. Ne4 Qe7 9. Bf4 e5 10. dxe5 Qb4+ 11. Kf1 Qxe4 12. Bg5 Nd7 13. Qd6 Bxe5 14. Qd2 f6 15. Re1 Qf5 16. Nf3 Ne7 17. Bh6 Nc5 18. Nxe5 fxe5 19. Bg7 Nxb3 20. axb3 Rg8 21. Rxe5 Qd7 22.
Qh6 Kf7 23. Bf8 Nf5 24. Qxh7+ Kxf8 25. Qh3 Qd1+ 26. Re1 Qxc2 27. Qf3 Bd7 28. g4 Re8 29. Rxe8+ Kxe8 30. gxf5 Bxf5 31. Kg2 Kd7 32. Re1 Re8 33.
Rd1+ Kc8 34. Kg1 Qe4 35. Qg3 Qg4 36. Rd6 Re1+ 37. Kg2 Be4+ 38. f3 Bxf3+ 39. Kf2 Re2+ 40. Kf1 Qxg3 41. hxg3 Rxb2 42. Rf6 Bd5 43. b4 Rb3 44.
Rxg6 Rxb4 45. Rg7 a5 46. Ke2 a4 47. Kd2 a3 48. Kc3 Ra4 49. g4 a2 0-1

[Event "*** SCC Grand Prix: Titled Tuesday Blitz"]
[Site "Chess.com"]
[Date "2020.07.14"]
[Round "1"]
[White "Shuvalov"]
[Black "BillCoe"]
[Result "1-0"]
[WhiteElo "2490"]
[BlackElo "2111"]
[TimeControl "180+1"]
[EndTime "10:07:23 PDT"]
[Termination "Shuvalov won by resignation"]

1. e4 c5 2. Nf3 e6 3. c4 Nc6 4.
d4 cxd4 5. Nxd4 a6 6. a3 d6 7. Nc3 Be7 8. Be3 Nf6 9. Be2 O-O 10.
O-O Bd7 11. f3 Rc8 12. Qd2 Ne5 13. b3 Qc7 14. Rfc1 Rfd8 15. b4 Qb8 16. Qa2 Rc7 17.
b5 axb5 18. Ncxb5 Bxb5 19. Nxb5 Rcd7 20. Rab1 d5 21. cxd5 exd5 22. Bb6 Rc8 23. f4 Nc4 24. Ba7 Qa8 25. e5 Ne4 26. Bg4 Rdd8 27. Bxc8 Rxc8 28. Bd4 Bc5 29. Bxc5 Nxc5 30. Nd6 Rd8 31. Nxc4 dxc4 32. Qxc4 Qxa3 33. Qxc5 Rd1+ 34. Kf2 Rd2+ 35. Ke1 Rd8 36. Qxa3 1-0

[Event "*** SCC Grand Prix: Titled Tuesday Blitz"]
[Site "Chess.com"]
[Date "2020.07.14"]
[Round "1"]
[White "ditkin25"]
[Black "dretch"]
[Result "0-1"]
[WhiteElo "2407"]
[BlackElo "2806"]
[TimeControl "180+1"]
[EndTime "10:07:24 PDT"]
[Termination "dretch won by resignation"]

1. e4 e6 2. d4 d5 3. Nc3 Nf6 4. Bg5 dxe4 5. Nxe4 Be7 6. Bxf6 Bxf6 7. Nf3 Nd7 8. Bd3 c5 9. dxc5 Nxc5 10. Nxc5 Qa5+ 11. c3 Qxc5 12. O-O Bd7 13. Qe2 Rd8 14. Rad1 O-O 15. Nd2 Be7 16. Ne4 Qa5 17. Bb1 Bb5 18. c4 Bc6 19. h3 Rxd1 20. Rxd1 Rd8 21. b3 Rxd1+ 22. Qxd1 f5 23. Ng3 Qe5 24. Nf1 Bc5 25. Qd8+ Kf7 26. Qd2 a5 27. Ne3 Qa1 28. Qd1 Qb2 29. Qc2 Qxc2 30. Bxc2 Kf6 31. Kf1 Ke5 32. g4 g6 33. Ke2 Kd4 34. Nd1 Bg2 35. f3 Bxh3 36.
Nf2 Bg2 37. Kd2 Bxf3 38. gxf5 Bb4+ 39. Kc1 exf5 40. Bd1 Bxd1 41. Nxd1 f4 42. Kc2 f3 43. Nb2 f2 0-1

[Event "*** SCC Grand Prix: Titled Tuesday Blitz"]
[Site "Chess.com"]
[Date "2020.07.14"]
[Round "1"]
[White "isla88"]
[Black "YPradafah"]
[Result "0-1"]
[WhiteElo "2226"]
[BlackElo "2560"]
[TimeControl "180+1"]
[EndTime "10:07:24 PDT"]
[Termination "YPradafah won by resignation"]

1. c4 Nf6 2. Nc3 g6 3. e4 d6 4. d4 Bg7 5. h3 O-O 6. Be3 e5 7. d5 a5 8. g4 Na6 9. Nge2 Nc5 10. Ng3 Bd7 11. Qd2 a4 12. f3 c6 13. h4 cxd5 14.
cxd5 Qa5 15. Bh6 a3 16. Bxg7 Kxg7 17. h5 axb2 18. Rb1 Rac8 19. hxg6 fxg6 20. Qh6+ Kg8 21. Ne2 Nd3+ 22. Kd2 Nf4 23. g5 N6h5 24. Rxh5 gxh5 25. g6 Nxg6 26. Rxb2 Rc7 27. Rc2 Rfc8 28. f4 exf4 29. Qxh5 b5 30. a3 b4 31. axb4 Qxb4 32. Bh3 Bxh3 33. Qxh3 f3 34. Qe6+ Kh8 35. Qf6+ Kg8 36.
Qe6+ Kf8 37. Qf6+ Rf7 38. Qe6 Re8 39. Nd4 Qxd4+ 40. Kc1 Rxe6 41. dxe6 Rc7 0-1

[Event "*** SCC Grand Prix: Titled Tuesday Blitz"]
[Site "Chess.com"]
[Date "2020.07.14"]
[Round "1"]
[White "joksijoksi"]
[Black "crazyboy26"]
[Result "0-1"]
[WhiteElo "2383"]
[BlackElo "2730"]
[TimeControl "180+1"]
[EndTime "10:07:25 PDT"]
[Termination "crazyboy26 won on time"]

1. d4 Nf6 2. c4 Nc6 3. Nc3 e5 4. d5 Ne7 5. e4 Ng6 6. Be3 Bb4 7.
f3 O-O 8. Ne2 d6 9. Ng3 c6 10. a3 Bxc3+ 11. bxc3 Qa5 12. Qd2 Nf4 13. Ne2 Ng6 14. Ng3 b6 15. dxc6 Be6 16. Be2 Rac8 17. Qxd6 Bxc4 18. Qb4 Bxe2 19. Qxa5 bxa5 20. Nxe2 a6 21. Bb6 a4 22. c7 Nd7 23. Rb1 Rfe8 24. Kf2 Nxb6 25. Rxb6 Rxc7 26. Rxa6 Rd8 27. Ke3 h5 28.
Rxa4 Nf4 29. Nxf4 Rxc3+ 30. Kf2 exf4 31. Re1 Kh7 32. e5 g5 33. h4 Kg6 34. hxg5 Kxg5 35.
Ra7 Kg6 36. Ra6+ Kg5 37. Rf6 Rxa3 38. Rxf7 Rd2+ 39. Re2 Raa2 0-1

[Event "*** SCC Grand Prix: Titled Tuesday Blitz"]
[Site "Chess.com"]
[Date "2020.07.14"]
[Round "1"]
[White "Oneofmyturns"]
[Black "Tekushka"]
[Result "1/2-1/2"]
[WhiteElo "2692"]
[BlackElo "2372"]
[TimeControl "180+1"]
[EndTime "10:07:26 PDT"]
[Termination "Game drawn by repetition"]

1. d4 d5 2. c4 c6 3. Nf3 Nf6 4. e3 Bg4 5. h3 Bxf3 6. Qxf3 e6 7. Nc3 Nbd7 8. Bd3 Bb4 9. Bd2 O-O 10. O-O Nc5 11. Bc2 dxc4 12. dxc5 Qxd2 13. Rac1 Bxc3 14. Rfd1 Bxb2 15. Rxd2 Bxc1 16. Rd4 Bb2 17. Rxc4 Be5 18. Rb4 Rab8 19. g3 Rfd8 20. Qe2 h6 21. f4 Bc3 22. Rb3 Rd2 23. Qc4 Rxc2 24. Rxc3 Rb2 25. Rd3 b5 26.
cxb6 R8xb6 27. Rd8+ Kh7 28. Qd3+ g6 29. g4 Rb1+ 30.
Kg2 R6b2+ 31. Kf3 Rh1 32. Kg3 Rbh2 33. Qd4 Rxh3+ 34. Kg2 R1h2+ 35. Kf1 Rh1+ 36. Ke2 R3h2+ 37. Kf3 Rh3+ 38. Ke2 R3h2+ 39. Kf3 Rh3+ 40. Ke2 1/2-1/2

[Event "*** SCC Grand Prix: Titled Tuesday Blitz"]
[Site "Chess.com"]
[Date "2020.07.14"]
[Round "1"]
[White "googlegoom"]
[Black "GustavoJuarezF"]
[Result "1-0"]
[WhiteElo "2467"]
[BlackElo "1996"]
[TimeControl "180+1"]
[EndTime "10:07:26 PDT"]
[Termination "googlegoom won on time"]

1. Nf3 b6 2. b3 c5 3. Bb2 d5 4. e3 Bb7 5. Be2 a6 6. O-O e6 7. d4 Nf6 8. Nbd2 Be7 9. c4 O-O 10. Rc1 Nc6 11. Qc2 Rc8 12. Qb1 cxd4 13. Nxd4 Nxd4 14.
Bxd4 dxc4 15. Nxc4 b5 16. Bb6 Qe8 17. Na5 Be4 18.
Qa1 Nd5 19. Bd4 Bf6 20. f3 Bg6 21. Nb7 Qd7 22. Nc5 Qc6 23. Ne4 Bxd4 24. exd4 Qb6 25. Nc5 Rfd8 26. Rfd1 Ne3 27. Rd2 Nf5 28. b4 h6 29. a3 Rc6 30. Qc3 Rcd6 31. Rcd1 Kh7 32. Kh1 f6 33. Bd3 e5 34. Bxf5 Bxf5 35. dxe5 Rxd2 36.
Rxd2 Rxd2 37. Qxd2 fxe5 38. Qe3 Qd6 39. h3 g5 40. Ne4 1-0

[Event "*** SCC Grand Prix: Titled Tuesday Blitz"]
[Site "Chess.com"]
[Date "2020.07.14"]
[Round "1"]
[White "chezzgirl04"]
[Black "WanderingPuppet"]
[Result "1-0"]
[WhiteElo "2008"]
[BlackElo "2450"]
[TimeControl "180+1"]
[EndTime "10:07:26 PDT"]
[Termination "chezzgirl04 won on time"]

1. e4 c5 2. Nf3 d6 3. c3 Nf6 4. Bd3 Bg4 5. Bc2 Nc6 6. h3 Bh5 7. d3 e6 8. Be3 Be7 9. O-O d5 10. exd5 exd5 11. d4 cxd4 12. cxd4 O-O 13. Nc3 a6 14. a3 Na5 15. Bd3 Rc8 16. Be2 Nc4 17. Bc1 b5 18. Ne5 Bxe2 19. Qxe2 Re8 20. Qf3 h6 21. b3 Nxa3 22. Bxa3 b4 23. Bb2 bxc3 24. Bxc3 Qb6 25. Rfb1 Bd6 26. Qd3 Ra8 27. Ba5 Qb5 28. Qf3 Bxe5 29. dxe5 Rxe5 30. Bc3 Re6 31. Ra5 Qc6 32.
Rd1 Ne4 33. Bd4 Rae8 34. Qf5 Nf6 35. Bxf6 Rxf6 36. Qxd5 Qxd5 37. Raxd5 Re2 38. R5d2 1-0

[Event "*** SCC Grand Prix: Titled Tuesday Blitz"]
[Site "Chess.com"]
[Date "2020.07.14"]
[Round "1"]
[White "PlotnikovPavel"]
[Black "jucAxx"]
[Result "1-0"]
[WhiteElo "2473"]
[BlackElo "2042"]
[TimeControl "180+1"]
[EndTime "10:07:27 PDT"]
[Termination "PlotnikovPavel won by checkmate"]

1. e4 e6 2. d4 d5 3. e5 c5 4. c3 Nc6 5. Nf3 Qb6 6. a3 cxd4 7. cxd4 Nh6 8. Bd3 Nf5 9. Bxf5 exf5 10. Nc3 Be6 11. O-O Be7 12. b4 O-O 13. Na4 Qd8 14.
Bb2 h6 15. Rc1 Rc8 16. Ne1 f6 17. Nd3 fxe5 18. Nxe5 Nxe5 19. dxe5 Qd7 20. Nc5 Bxc5 21. bxc5 Rc6 22. Bd4 Rfc8 23. Rb1 Qe7 24. Qb3 R8c7 25. f4 Qh4 26. Rf2 g5 27. Qg3 Qxg3 28. hxg3 g4 29.
Rfb2 Bc8 30. Kf2 Kf7 31. Ke3 Ke6 32. Rh1 Rh7 33. Rh5 Kf7 34. Rb1 Kg6 35. Rhh1 h5 36. Kd3 Be6 37. Rb5 a6 38. Rb4 Rcc7 39. Rhb1 Bc8 40.
Rb6+ Kf7 41. Rf6+ Ke7 42. Rbb6 Rd7 43. e6 Rc7 44. Rg6 Rc6 45. Rxc6 bxc6 46. Be5 Bxe6 47. Bd6+ Kd7 48. Kd4 Rf7 49. Ke5 h4 50. gxh4 Rh7 51.
Rxe6 Rxh4 52. Re7+ Kd8 53. Ra7 Rh2 54. Ke6 Kc8 55.
Rc7+ Kd8 56. Rb7 Rxg2 57. Rb8# 1-0

[Event "*** SCC Grand Prix: Titled Tuesday Blitz"]
[Site "Chess.com"]
[Date "2020.07.14"]
[Round "1"]
[White "Jungle_Jaguar"]
[Black "PavelChernomordik"]
[Result "1-0"]
[WhiteElo "2664"]
[BlackElo "2344"]
[TimeControl "180+1"]
[EndTime "10:07:29 PDT"]
[Termination "Jungle_Jaguar won by resignation"]

1. e4 g6 2. d4 Bg7 3. Nc3 d6 4. Bc4 e6 5. Nf3 a6 6. a4 b6 7.
O-O Bb7 8. Bf4 Nd7 9. Qd2 h6 10.
Rfe1 Ne7 11. Rad1 Kf8 12. h4 Kg8 13. Nh2 Nf6 14. e5 Nfd5 15. exd6 cxd6 16. Bg3 Nxc3 17. bxc3 Nf5 18. h5 gxh5 19. Bf4 d5 20. Be2 h4 21. Bh5 Qf6 22. Ng4 Qe7 23. Rb1 Bc6 24. Rxb6 Bxa4 25. Qd3 Qd8 26. Bxf7+ Kxf7 27. Rbxe6 Rf8 28. Qxf5+ Kg8 29.
Nxh6+ Kh8 30. Qh5 Be8 31. Qg4 Bd7 32. Nf5 Rxf5 33. Qxf5 Bxe6 34. Rxe6 Qf8 35. Qh5+ Kg8 36. Be5 Qf7 37. Rg6 Ra7 38. Rxg7+ Qxg7 39. Bxg7 Rxg7 40. Qxd5+ Kf8 41. Qd8+ 1-0

[Event "*** SCC Grand Prix: Titled Tuesday Blitz"]
[Site "Chess.com"]
[Date "2020.07.14"]
[Round "1"]
[White "Chessmasterzt"]
[Black "GaboSalazar2001"]
[Result "0-1"]
[WhiteElo "2589"]
[BlackElo "2314"]
[TimeControl "180+1"]
[EndTime "10:07:29 PDT"]
[Termination "GaboSalazar2001 won on time"]

1. d4 Nf6 2. Nf3 c5 3. c3 g6 4. g3 Bg7 5. Bg2 O-O 6. dxc5 Qc7 7. b4 a5 8. Bf4 Qc6 9. O-O axb4 10. cxb4 Qb5 11.
a3 Nc6 12. Nc3 Qc4 13. Qd2 Ne4 14. Nxe4 Bxa1 15. Rxa1 Qxe4 16. Bc7 Qc4 17. Rc1 Qb3 18. Qh6 Qb2 19. b5 Nd4 20. Nxd4 Qxd4 21. Bf4 Rxa3 22.
Be3 Qg7 23. Qg5 Ra1 24. Qxe7 Rxc1+ 25. Bxc1 f6 26. Bd5+ Kh8 27. h4 Qxe7 28. Bb2 Qxc5 29. Bxf6+ Rxf6 30. Kg2 Qc1 31. Bf3 Qc5 32. h5 Qd6 33. g4 Qe7 34. g5 Rf5 35. hxg6 hxg6 36. Kh2 Qxg5 37. Bg4 Qh6+ 0-1

[Event "*** SCC Grand Prix: Titled Tuesday Blitz"]
[Site "Chess.com"]
[Date "2020.07.14"]
[Round "1"]
[White "Houdinovic"]
[Black "SargissyanSargis"]
[Result "1-0"]
[WhiteElo "2599"]
[BlackElo "2294"]
[TimeControl "180+1"]
[EndTime "10:07:29 PDT"]
[Termination "Houdinovic won on time"]

1. e4 e5 2. Bc4 Nf6 3. d3 Nc6 4. Nc3 Na5 5. Nge2 Nxc4 6. dxc4 Be7 7. O-O O-O 8. Ng3 d6 9. Qe2 Bg4 10. f3 Be6 11. Bg5 Nd7 12. Be3 Bg5 13. Bf2 g6 14.
Rad1 Qe7 15. Rfe1 f5 16. exf5 gxf5 17. Nd5 Bxd5 18. Rxd5 Qf7 19. Rdd1 Rae8 20. b3 a6 21. Qd3 Kh8 22. c5 Nxc5 23. Bxc5 dxc5 24. Qc3 Qe7 25.
Rd5 Bf4 26. Nh5 Bxh2+ 27. Kxh2 Qh4+ 28. Kg1 Qxh5 29. Rdxe5 Rxe5 30. Rxe5 Kg8 31. Qxc5 Qf7 32. Re7 Qf6 33. Qd5+ Kh8 34. Rxc7 Rd8 35. Rd7 Rxd7 36.
Qxd7 Qb6+ 37. Kf1 Qe3 38. Qxf5 Qc1+ 39. Ke2 1-0

[Event "*** SCC Grand Prix: Titled Tuesday Blitz"]
[Site "Chess.com"]
[Date "2020.07.14"]
[Round "1"]
[White "timator"]
[Black "MacDaddyMac"]
[Result "1-0"]
[WhiteElo "2600"]
[BlackElo "2295"]
[TimeControl "180+1"]
[EndTime "10:07:30 PDT"]
[Termination "timator won by resignation"]

1. d4 Nf6 2. Nf3 e6 3. c4 b6 4. g3 Bb7 5. Bg2 Bb4+ 6. Bd2 Qe7 7. O-O Bxd2 8. Nbxd2 d6 9. Qc2 Nbd7 10. b4 a5 11. b5 O-O 12. a4 e5 13. e3 h6 14.
Nb3 Be4 15. Qc3 Rac8 16. Rac1 Rfe8 17. c5 Bxf3 18. Bxf3 e4 19. Bg2 d5 20. Bh3 Rcd8 21. Rb1 Nf8 22. Rfc1 Ne6 23. Bg2 h5 24. h4 Ng4 25.
Rf1 g5 26. hxg5 Qxg5 27. f4 Qf6 28. cxb6 cxb6 29. Qc6 Nxe3 30. f5 Nxf1 31. Rxf1 Rc8 32. Qxb6 Rb8 33. Qa6 Ra8 34. Qc6 Rec8 35. fxe6 Qxf1+ 36.
Bxf1 Rxc6 37. bxc6 fxe6 38. Nc5 Kf7 39. Bh3 Ke7 40.
Bxe6 Kd6 41. Bf7 Kxc6 42. Bxh5 Rg8 43. Kg2 Rb8 44. Be2 Rb4 45. Bb5+ Kd6 46. Nb7+ Kc7 47.
Nxa5 Rxd4 48. Nc6 Rd2+ 49. Kf1 e3 50. g4 d4 51. Ne5 Kd6 52. Nc4+ Kc5 53. Nxd2 exd2 54. Ke2 d3+ 55. Kxd2 1-0

[Event "*** SCC Grand Prix: Titled Tuesday Blitz"]
[Site "Chess.com"]
[Date "2020.07.14"]
[Round "1"]
[White "Mr_Sinigami"]
[Black "mfwagnerpeixoto"]
[Result "1-0"]
[WhiteElo "2568"]
[BlackElo "2243"]
[TimeControl "180+1"]
[EndTime "10:07:30 PDT"]
[Termination "Mr_Sinigami won by resignation"]

1. d4 Nf6 2. Nf3 c6 3. Bf4 d5 4.
e3 g6 5. h3 Bg7 6. Be2 O-O 7.
O-O Bf5 8. c4 dxc4 9. Bxc4 b5 10. Be2 a6 11. Nbd2 Nd5 12. Bg3 Nf6 13. Rc1 Ne4 14.
Bh2 Nxd2 15. Nxd2 Be6 16. Bxb8 Qxb8 17. Rxc6 Bd5 18. Rc5 Rd8 19. Rxd5 Rxd5 20. Bf3 Rd8 21. Bxa8 Qxa8 22. f4 Qd5 23. Qb3 Qf5 24. Rc1 h5 25.
Qc2 Qe6 26. Qe4 Qxa2 27. Qxe7 Rf8 28. Qa3 Qe6 29. Kf2 Bf6 30. Nf3 Re8 31. Qd3 h4 32. Rc2 Qa2 33. d5 Qb1 34. e4 Bg7 35. e5 Qh1 36. d6 Rd8 37. Rd2 Qc1 38. Qc2 Qa1 39.
Qc7 1-0

[Event "*** SCC Grand Prix: Titled Tuesday Blitz"]
[Site "Chess.com"]
[Date "2020.07.14"]
[Round "1"]
[White "KaspMagAlpha"]
[Black "DrVitman"]
[Result "1-0"]
[WhiteElo "2255"]
[BlackElo "2540"]
[TimeControl "180+1"]
[EndTime "10:07:30 PDT"]
[Termination "KaspMagAlpha won on time"]

1. d4 d5 2. c4 dxc4 3. e3 Nf6 4.
Bxc4 e6 5. Nf3 Bd6 6. O-O O-O 7. Nc3 c6 8. e4 Be7 9. Qe2 b5 10. Bb3 Bb7 11. a3 Na6 12. Rd1 Qc7 13. Bg5 Rfd8 14. Rac1 Rac8 15. Ba2 Qb6 16. b4 h6 17.
Bh4 Nc7 18. Bg3 a5 19. Qb2 axb4 20. axb4 Na6 21. Bb1 Nxb4 22. e5 Nfd5 23. Ne4 c5 24. dxc5 Bxc5 25. Nxc5 Rxc5 26. Rxc5 Qxc5 27. h3 Rc8 28.
Nd2 Nc6 29. Ne4 Qb6 30. Nd6 Rc7 31. Qxb5 Qxb5 32. Nxb5 Rd7 33. Nd6 Ba6 34. Bc2 Ncb4 35. Ba4 Rc7 36. Ra1 Bc8 37. Bb5 Bd7 38. Ra8+ Kh7 39.
Bxd7 Rxd7 40. Rf8 Kg6 41. Rg8 Nd3 42. Ne8 Ne7 43. Rxg7+ Kf5 44. Nd6+ Rxd6 45. exd6 Nc8 46. d7 1-0

[Event "*** SCC Grand Prix: Titled Tuesday Blitz"]
[Site "Chess.com"]
[Date "2020.07.14"]
[Round "1"]
[White "HrvojeZagreb"]
[Black "Mikasinski"]
[Result "0-1"]
[WhiteElo "2091"]
[BlackElo "2482"]
[TimeControl "180+1"]
[EndTime "10:07:30 PDT"]
[Termination "Mikasinski won on time"]

1. d4 Nf6 2. Bf4 g6 3. Nc3 d5 4.
e3 Bg7 5. h4 h5 6. Nf3 O-O 7. Ne5 Be6 8. Be2 c5 9. g4 cxd4 10.
exd4 hxg4 11. Nxg4 Nxg4 12. Bxg4 Bxg4 13. Qxg4 Nc6 14.
h5 Nxd4 15. O-O-O Qc8 16. Qxc8 Rfxc8 17. Nxd5 Rd8 18. h6 Rxd5 19. hxg7 Ne2+ 20. Kb1 Rxd1+ 21. Rxd1 Nxf4 22. Rd7 e6 23. Rxb7 Kxg7 24. a4 Nd5 25.
b4 a6 26. Kb2 Rc8 27. b5 axb5 28. axb5 Rc5 29. Kb3 Rc3+ 30. Kb2 Rf3 31. c4 Rxf2+ 32. Kb3 Rf3+ 33. Ka4 Nc3+ 34. Ka5 g5 35. c5 g4 36. c6 Nd5 0-1

[Event "*** SCC Grand Prix: Titled Tuesday Blitz"]
[Site "Chess.com"]
[Date "2020.07.14"]
[Round "1"]
[White "karinachess1"]
[Black "MikeSailer"]
[Result "1-0"]
[WhiteElo "2509"]
[BlackElo "2136"]
[TimeControl "180+1"]
[EndTime "10:07:32 PDT"]
[Termination "karinachess1 won by resignation"]

1. e4 d5 2. exd5 Qxd5 3. Nc3 Qd6 4. d4 Nf6 5. Nf3 c6 6. g3 Bf5 7. Bg2 e6 8. O-O Be7 9. Bf4 Qd8 10. Re1 O-O 11.
Qd2 h6 12. Rad1 Nbd7 13. h3 Nb6 14. g4 Bh7 15. Ne5 Nbd5 16. Bg3 Nxc3 17. Qxc3 Nd5 18. Qd2 Bh4 19. Bh2 a5 20. a3 b5 21. Nxc6 Qb6 22.
Ne5 Rad8 23. c3 Bg5 24. f4 Bh4 25. Rf1 f5 26. Kh1 fxg4 27. hxg4 Bf6 28. g5 hxg5 29. fxg5 Bxe5 30. Bxe5 Bf5 31. Qe2 Kf7 32. Qh5+ Ke7 33. Bxg7 Rf7 34. Qh6 Rg8 35. Rxf5 Rxf5 36. Bxd5 Rxd5 37.
Qh7 Qd8 38. Bf6+ 1-0

[Event "*** SCC Grand Prix: Titled Tuesday Blitz"]
[Site "Chess.com"]
[Date "2020.07.14"]
[Round "1"]
[White "QuintilianoR"]
[Black "sergivila"]
[Result "0-1"]
[WhiteElo "2645"]
[BlackElo "2361"]
[TimeControl "180+1"]
[EndTime "10:07:33 PDT"]
[Termination "sergivila won by resignation"]

1. Nf3 d5 2. d4 Nf6 3. c4 e6 4. Nc3 Bb4 5. Bg5 dxc4 6. e4 b5 7. a4 c5 8. axb5 cxd4 9. Bxf6 Qxf6 10. Qxd4 Qxd4 11. Nxd4 Bb7 12. f3 Nd7 13. Nc2 Bc5 14. Bxc4 Rc8 15. Be2 O-O 16. O-O-O Nb6 17. Kb1 Rc7 18.
Rd2 Rfc8 19. Rhd1 Kf8 20. Rd8+ Ke7 21. Rxc8 Bxc8 22. e5 Bb7 23. Bd3 h5 24. Be4 Bc8 25. Bc6 a6 26. Ne4 axb5 27. Bxb5 Bb7 28. Bd3 Nd5 29.
Nxc5 Rxc5 30. Be4 f6 31. exf6+ gxf6 32. Bxd5 Bxd5 33. Ne3 Bc6 34. Rd3 h4 35. Rc3 Rxc3 36. bxc3 Kd6 37. h3 Ke5 38. Kc2 Kf4 39. Nf1 e5 40. Kd2 f5 41. Ne3 e4 42. fxe4 Bxe4 43. Ke2 Kg3 44. c4 f4 45. Nf1+ Kxg2 46. Nd2 Bc6 47. c5 f3+ 48. Ke3 f2 49. Ke2 Bb5+ 50. Ke3 f1=Q 51. Nxf1 Bxf1 52. c6 Ba6 53. c7 Kxh3 54.
Kf2 Kg4 55. Kg1 h3 56. Kh2 Kh4 57. Kg1 Kg3 58. Kh1 Bb7+ 0-1

[Event "*** SCC Grand Prix: Titled Tuesday Blitz"]
[Site "Chess.com"]
[Date "2020.07.14"]
[Round "1"]
[White "floplover"]
[Black "goodluck06"]
[Result "0-1"]
[WhiteElo "2231"]
[BlackElo "2562"]
[TimeControl "180+1"]
[EndTime "10:07:33 PDT"]
[Termination "goodluck06 won by checkmate"]

1. d4 Nf6 2. c4 g6 3. Nc3 Bg7 4. e4 O-O 5. Nf3 d6 6. Be2 Nbd7 7. O-O e5 8. Be3 Qe7 9. d5 Ng4 10. Bg5 f6 11. Bh4 h5 12. Ne1 Nh6 13. f3 a5 14.
Nd3 b6 15. a3 Nf7 16. b4 Bh6 17. Bf2 f5 18. c5 f4 19. Nb5 Nf6 20. Rc1 g5 21.
cxb6 cxb6 22. a4 g4 23. Bxb6 Kh8 24. Nc7 Rb8 25. bxa5 Ng5 26. Nb4 gxf3 27. gxf3 Qg7 28. Kh1 Rg8 29. Rg1 Bh3 30. Ne6 Bxe6 31. dxe6 Qe7 32.
Nc6 Qxe6 33. Nxb8 Rxb8 34. Qd3 Rg8 35. a6 d5 36. Bf2 dxe4 37. fxe4 Nfxe4 38. Be1 f3 39. Bxf3 Nxf3 40. Rxg8+ Kxg8 41. Qxf3 Bxc1 42. Qxe4 Qxa6 43.
Qh4 Qf1# 0-1

[Event "*** SCC Grand Prix: Titled Tuesday Blitz"]
[Site "Chess.com"]
[Date "2020.07.14"]
[Round "1"]
[White "Ucitelot"]
[Black "NMZanette"]
[Result "1/2-1/2"]
[WhiteElo "2494"]
[BlackElo "2132"]
[TimeControl "180+1"]
[EndTime "10:07:33 PDT"]
[Termination "Game drawn - insufficient material"]

1. c4 e5 2. g3 g6 3. Bg2 Bg7 4. Nc3 Ne7 5. d3 O-O 6. Bg5 h6 7. Bd2 c6 8. Qc1 Kh7 9. h4 h5 10. Nf3 d5 11. cxd5 cxd5 12. O-O f6 13. e4 d4 14. Nb5 Nbc6 15. Qc5 Be6 16. Qd6 Qxd6 17.
Nxd6 Rab8 18. Rfc1 b5 19. Rc5 Rfd8 20. Nxb5 a6 21.
Nc7 Bc8 22. Rac1 Rxb2 23. Rxc6 Nxc6 24. Rxc6 Bg4 25. Ba5 Rc8 26. a4 Rb1+ 27. Kh2 Rb2 28. Nd2 Bd7 29. Rxa6 Rxc7 30. Nc4 Rxc4 31. dxc4 d3 32.
Rd6 Bxa4 33. Rxd3 Rxf2 34. Rc3 Bc6 35. Kg1 Re2 36. c5 Bh6 37. Kf1 Ra2 38. Bd8 Bd2 39. Rb3 Ra4 40. Bxf6 Bxe4 41. Bxe5 Bxg2+ 42. Kxg2 Rc4 43. Rb7+ Kg8 44. Rg7+ Kf8 45. Rxg6 Be3 46. Bd6+ Kf7 47. Rg5 Bxg5 48. hxg5 Kg6 49. Be7 Re4 50. Bd6 Kxg5 51. c6 Rc4 52. c7 Kg4 53. Kf2 Rc2+ 54. Ke3 h4 55. gxh4 Kxh4 56. Kf4 Rxc7 57. Bxc7 1/2-1/2

[Event "*** SCC Grand Prix: Titled Tuesday Blitz"]
[Site "Chess.com"]
[Date "2020.07.14"]
[Round "1"]
[White "Canonkasparov"]
[Black "EfM13"]
[Result "1-0"]
[WhiteElo "2555"]
[BlackElo "2224"]
[TimeControl "180+1"]
[EndTime "10:07:34 PDT"]
[Termination "Canonkasparov won on time"]

1. d4 d6 2. Nf3 Nf6 3. Bg5 g6 4. Bxf6 exf6 5. g3 Bg7 6. Bg2 f5 7. O-O O-O 8. e3 Nc6 9. c4 Ne7 10. Nc3 Be6 11. b3 h6 12. Ne1 Qc8 13. Nd3 g5 14. Rc1 Ng6 15. c5 d5 16. Nxd5 Rd8 17. Nc3 c6 18. Qc2 f4 19. Rfe1 Bg4 20. Nb2 f3 21.
Bh1 Bh5 22. Nc4 Ne7 23. Nd6 Qd7 24. Qe4 f5 25. Qd3 g4 26. b4 b5 27. e4 fxe4 28.
Qxe4 Bg6 29. Qxe7 Qxe7 30. Rxe7 Bxd4 31. Nce4 Kf8 32. Rc7 Be5 33. Rxc6 Rd7 34. h3 h5 35. Re1 Rad8 36. Nxb5 Bxe4 37. Rxe4 Rd1+ 38. Kh2 R8d2 39.
hxg4 1-0

[Event "*** SCC Grand Prix: Titled Tuesday Blitz"]
[Site "Chess.com"]
[Date "2020.07.14"]
[Round "1"]
[White "ural58"]
[Black "Alexandercs432"]
[Result "1-0"]
[WhiteElo "2487"]
[BlackElo "2100"]
[TimeControl "180+1"]
[EndTime "10:07:34 PDT"]
[Termination "ural58 won by checkmate"]

1. e4 e5 2. f4 exf4 3. Bc4 Nf6 4. Nc3 c6 5. Bb3 d5 6. exd5 Nxd5 7. Nxd5 cxd5 8. d4 Qh4+ 9. Kf1 Be6 10. Nf3 Qf6 11. c3 Bd6 12. Kf2 O-O 13. Bd2 Nc6 14.
h4 Rfe8 15. Bc2 h6 16. h5 Ne7 17. Qf1 Bf5 18. Bxf5 Nxf5 19. Qb5 Ng3 20. Rhe1 Ne4+ 21.
Kg1 Qf5 22. c4 Qxh5 23. Qxd5 Qxd5 24. cxd5 g5 25. Rac1 Nxd2 26. Nxd2 Rac8 27. Kf2 Kf8 28. Nc4 Bb4 29. Rxe8+ Rxe8 30. Ne5 Bd6 31. Nf3 a6 32. a3 Kg7 33. Nd2 Kg6 34. Rc3 Re7 35. Nc4 Bb8 36. d6 Rd7 37. Ne5+ Kg7 38. Nxd7 Ba7 39.
Rc4 b5 40. Rc7 Bxd4+ 41. Kf1 g4 42. Nc5 f3 43. gxf3 g3 44. d7 Bf6 45. Ne4 h5 46.
Nxf6 Kxf6 47. d8=Q+ Kf5 48. Rxf7+ Ke5 49. Re7+ Kf4 50.
Qf8+ Kg5 51. Rg7+ Kh4 52. Qf4+ Kh3 53. Qxg3# 1-0

[Event "*** SCC Grand Prix: Titled Tuesday Blitz"]
[Site "Chess.com"]
[Date "2020.07.14"]
[Round "1"]
[White "2900tactinhos"]
[Black "BocharovD"]
[Result "0-1"]
[WhiteElo "2400"]
[BlackElo "2780"]
[TimeControl "180+1"]
[EndTime "10:07:36 PDT"]
[Termination "BocharovD won by checkmate"]

1. d4 Nf6 2. c4 e6 3. Nf3 d5 4.
Nc3 c6 5. Bg5 Nbd7 6. e3 Qa5 7.
Nd2 dxc4 8. Bxf6 Nxf6 9. Nxc4 Qc7 10. g3 Be7 11. Bg2 O-O 12. O-O Rd8 13. Qc2 Bd7 14. Rac1 Rac8 15. Rfd1 Qb8 16. Ne4 Nxe4 17. Qxe4 Be8 18.
a3 b5 19. Ne5 c5 20. dxc5 Rxc5 21. Nd3 Bc6 22. Qg4 Rxd3 23. Bxc6 Qc7 24. Rxc5 Rxd1+ 25. Qxd1 Bxc5 26. Bxb5 g6 27. Qd7 Qe5 28. b4 Bb6 29. a4 Qa1+ 30. Kg2 Qb2 31. a5 Bxe3 32. Qd3 Qxf2+ 33.
Kh3 h5 34. Bc6 Kg7 35. Bg2 g5 36. Qe4 g4+ 37. Kh4 Qf6+ 38. Kxh5 Qg5# 0-1

[Event "*** SCC Grand Prix: Titled Tuesday Blitz"]
[Site "Chess.com"]
[Date "2020.07.14"]
[Round "1"]
[White "Evgeny81"]
[Black "CroissantNeuf"]
[Result "0-1"]
[WhiteElo "2746"]
[BlackElo "2410"]
[TimeControl "180+1"]
[EndTime "10:07:36 PDT"]
[Termination "CroissantNeuf won by resignation"]

1. e4 c5 2. d4 cxd4 3. c3 Nf6 4.
e5 Nd5 5. Nf3 e6 6. cxd4 d6 7.
Bc4 dxe5 8. dxe5 Be7 9. O-O O-O 10. Qe2 Nc6 11. Rd1 b6 12. a3 Bb7 13. h4 Rc8 14.
Bd3 Qc7 15. Bg5 Bc5 16. Nc3 Nxc3 17. bxc3 Ne7 18. h5 h6 19. Bf4 Nf5 20. Bxf5 exf5 21. Nd4 Be4 22. f3 Bd5 23. Kh1 Bxd4 24. cxd4 Qc2 25. Qe1 Rc4 26. Qg3 Kh7 27. Rac1 Qb3 28. Qh3 Be6 29. Rb1 Qc2 30. Qg3 Rxd4 31. Rdc1 Qe2 32.
Rc7 Rfd8 33. Kh2 Rd1 34. Rxd1 Rxd1 35. Rxa7 Qf1 36. Kh3 Qh1+ 37. Qh2 Qf1 38. Kh4 Rd4 39. Kh3 Rd3 40. Rc7 Rxf3+ 41. Bg3 f4+ 42. Kh4 Rxg3 43.
Rc2 Rg4+ 44. Kh3 Rxg2+ 45. Kh4 Rxh2+ 46. Rxh2 Qg1 0-1